AoeStats
← Tierra y Libertad

Arabia

505210769Analyzed
1v1 RM · 25d ago on Sep 8, 2026· 29m 47s· 2 players
Game mode
Random Map
Map size
Tiny (2 player)
Population
200
Speed
Normal
Resources
Standard
Victory
Conquest
Starting age
Dark Age
Ending age
Imperial Age
RankedLock teamsTeams togetherTeam positionsShared explorationLock speedFull tech treeHidden civsTurbo modeCheats
Victory
Defeat
🇹🇷 Portuguese · Türkiye
737
+15
🇷🇺 Franks · Russia
712
-32
beks1307
13:37 Feudal Age
14:37 Double-Bit Axe
25:55 Castle Age
27:15 Wheelbarrow
26:57 Bow Saw
Tierra y Libertad
7:25 Loom
10:37 Feudal Age
11:59 Double-Bit Axe
18:05 Castle Age
20:30 Bow Saw
22:15 Wheelbarrow
28:47 Horse Collar
Connection lost

Rejoining the realm…

Still unreachable

The connection could not be restored.

Session expired

The server has moved on; the page needs a fresh start.